 Dungeon Crawl Stone Soup version 0.30.0-29-ga12c61a403 (webtiles) character file.

Game seed: 9442322822843077247

2058 qw the Cleaver (level 9, -17/56 HPs)
             Began as a Gargoyle Fighter on June 4, 2023.
             Was an Initiate of Okawaru.
             Demolished by a tentacled starspawn (21 damage)
             ... on level 2 of the Abyss.
             The game lasted 00:05:47 (6562 turns).

qw the Cleaver (Gargoyle Fighter)                   Turns: 6562, Time: 00:05:48

Health: -17/56     AC: 20    Str: 25    XL:     9   Next: 25%
Magic:  9/9        EV:  7    Int:  8    God:    Okawaru [......]
Gold:   328        SH:  5    Dex: 13    Spells: 8/8 levels left

rFire   . . .        Y - +1 war axe
rCold   + . .        c - +0 buckler
rNeg    + . .        e - +6 scale mail "Ykeystig" {+Blink Regen+ Dex+4}
rPois   inf          (no helmet)
rElec   +            (no cloak)
rCorr   .            n - +0 pair of gloves
SInv    .            (no boots)
Will    .....        (no amulet) Stlth
                     j - ring of protection from cold
HPRegen 1.09/turn    (no ring)
MPRegen 0.11/turn

%: no passive effects
@: about to teleport, constricted
A: sickness immunity, AC +6, negative energy resistance 1, electricity
resistance, torment resistance 1, petrification resistance, hooves 1
a: Renounce Religion, Evoke Blink


You were on level 2 of the Abyss.
You worshipped Okawaru.
Okawaru was noncommittal.
You visited 2 branches of the dungeon, and saw 8 of its levels.
You visited the Abyss 1 time.

You collected 328 gold pieces.


Innate Abilities, Weirdness & Mutations

You are immune to sickness and miasma.
Your stone body is resilient. (AC +6)
You are immune to poison.
You resist negative energy. (rN+)
You are resistant to electric shocks. (rElec)
You are resistant to unholy torment.
You are immune to petrification.
You have large cloven feet.


   Skills:
 + Level 6.5 Fighting
 - Level 9.2 Axes
 - Level 1.9 Throwing
 - Level 3.2 Armour
 - Level 2.0 Dodging
 - Level 4.0 Shields
 - Level 0.6 Invocations


You had 8 spell levels left.
You didn't know any spells.
Your spell library was empty.

Inventory:

Hand Weapons
 l - a +0 flail of draining
 Y - a +1 war axe (weapon)
Missiles
 o - a boomerang (quivered)
Armour
 c - a +0 buckler (worn)
 e - the +6 scale mail "Ykeystig" (worn) {+Blink Regen+ Dex+4}
   (You found it on level 2 of the Dungeon)

   Dex:       It affects your dexterity (+4).
   +Blink:    It lets you blink.
   Regen:     It increases your rate of health regeneration.
 n - a +0 pair of gloves (worn)
Jewellery
 j - a ring of protection from cold (left hand)
 r - a ring of ice
Wands
 q - a wand of digging (8)
Scrolls
 i - a scroll of identify
Potions
 b - a potion of heal wounds
 d - 4 potions of might
 f - 2 potions of lignification
 g - a potion of mutation
 h - a potion of attraction
 k - a potion of curing
 m - a potion of haste
 p - a potion of brilliance {unknown}

Dungeon Overview and Level Annotations

Branches:
Dungeon (7/15)             Temple (1/1) D:5

Altars:
Ashenzari
Cheibriados
Dithmenos
Fedhas
Gozag
Hepliaklqana
Kikubaaqudgha
Makhleb
Nemelex Xobeh
Okawaru
Qazlal
Ru
Sif Muna
Trog
Uskayaw
Vehumet
Wu Jian
Xom
Yredelemnul
Zin
The Shining One

Portals:
Bailey: D:7

Annotations:
D:2 1 runed translucent door, Crazy Yiuf


Message History

The tentacled starspawn closely misses you.
The tentacled starspawn barely misses you. 2 starspawn tentacles come into view.
You hit the tentacled starspawn but do no damage.
The tentacled starspawn is lightly damaged.
Tentacles burst from the starspawn's body!
The starspawn tentacle misses you. 2 starspawn tentacles come into view.
You hit the tentacled starspawn.
The tentacled starspawn is lightly damaged.
You hit the starspawn tentacle but do no damage.
The tentacled starspawn bites you!
The tentacled starspawn tentacle-slaps you but does no damage.
The starspawn tentacle grabs you. The starspawn tentacle constricts you.
You hit the starspawn tentacle.
You kick the starspawn tentacle, but do no damage.
The starspawn tentacle is moderately damaged.
You barely miss the starspawn tentacle. You slash the tentacled starspawn!
You hit the starspawn tentacle. The tentacled starspawn bites you!
The tentacled starspawn barely misses you.
Something loses its grip on you. The tentacled starspawn bites you.
The tentacled starspawn tentacle-slaps you but does no damage.
The starspawn tentacle grabs you. The starspawn tentacle constricts you.
You slash the starspawn tentacle!
The starspawn tentacle is severely damaged.
You slash the tentacled starspawn! You hit the tentacled starspawn.
The starspawn tentacle loses its grip on you.
The tentacled starspawn bites you!
The tentacled starspawn tentacle-slaps you!
The tentacled starspawn bites you!
The tentacled starspawn tentacle-slaps you but does no damage.
The starspawn tentacle grabs you. The starspawn tentacle constricts you.
6562 ||| READING scroll of teleportation.
As you read the scroll of teleportation, it crumbles to dust.
You feel strangely unstable.
You feel the power of the Abyss delaying your translocation!
The tentacled starspawn bites you!!
You die...

#. #.## . .# ...
#. ..##.# # # #
..#.#..### ## .#.
# #.......
##..##.....
#...#.-..#..#....#
#..wX##.. #.#. #
#@#.#..#.. .#
#...X#.#..###. .#
#.#...#.#. # #.
.....#..... # ..
.....#...#### .#.
#....###>.# ###
.#..# #.. ... .#
#.


You could see 2 tentacled starspawn and a starspawn tentacle.

Vanquished Creatures
  A neqoxec (Abyss:2)
  A sky beast (D:7)
  An orc warrior (D:7)
  5 ogres
  A centaur (D:6)
  A phantom (D:5)
  Blork the orc (D:6)
  4 scorpions
  4 killer bees (D:7)
  A howler monkey (D:6)
  A jelly (D:5)
  An orc priest (D:6)
  A gnoll bouda (D:6)
  4 hounds
  An iguana (D:5)
  3 orc wizards
  A sleepcap (D:5)
  16 gnolls
  7 adders
  2 shadow imps (D:5)
  An ufetubus (D:5)
  3 worms
  A dart slug (D:1)
  17 orcs
  7 ball pythons
  An endoplasm (D:2)
  2 giant cockroaches (D:3)
  6 goblins
  5 hobgoblins
  5 jackals (D:1)
  3 quokkas
  A bat (D:1)
  4 frilled lizards
  6 kobolds
  5 rats
124 creatures vanquished.

Vanquished Creatures (others)
  6 starspawn tentacles (Abyss:2)
6 creatures vanquished.

Grand Total: 130 creatures vanquished

Notes
Turn   | Place    | Note
-------+----------+-------------------------------------------
     0 | D:1      | qw the Gargoyle Fighter began the quest for the Orb.
     0 | D:1      | Reached XP level 1. HP: 14/14 MP: 1/1
     0 | D:1      | 0 ||| qw: Version: 0.2-a-107-g4668610
     0 | D:1      | 0 ||| qw: Game counter: 1205
     0 | D:1      | 0 ||| qw: Always use a shield: true
     0 | D:1      | 0 ||| qw: God list: Okawaru
     0 | D:1      | 0 ||| qw: Allow faded altars: false
     0 | D:1      | 0 ||| qw: Do Orc after D:15 true
     0 | D:1      | 0 ||| qw: Do second Lair branch before Depths: true
     0 | D:1      | 0 ||| qw: Lair rune preference: random
     0 | D:1      | 0 ||| qw: Plans: Normal, Zot:1-4, Slime:5, God:TSO, Crypt,
                  | Tomb, Abyss, Pan, Hells, Win
     0 | D:1      | 0 ||| PLANNING D:1-11
    29 | D:1      | 29 ||| FLEEEEING.
    30 | D:1      | 30 ||| FLEEEEING.
    49 | D:1      | Reached skill level 2 in Axes
   100 | D:1      | Reached XP level 2. HP: 15/19 MP: 2/2
   600 | D:1      | 600 ||| UPGRADING to ring of protection from cold.
   601 | D:1      | 601 ||| READING scroll labelled VEFRAB LYAPTIDGH.
   602 | D:1      | 602 ||| READING scroll labelled UMPIRO YCAREISAT.
   603 | D:1      | 603 ||| READING scroll labelled ZANAOH USANWEGORE.
   830 | D:2      | 830 ||| Stepping ~*~*~tactically~*~*~ (hiding).
   836 | D:2      | Reached skill level 3 in Axes
   836 | D:2      | Reached XP level 3. HP: 20/23 MP: 3/3
   876 | D:2      | 876 ||| Stepping ~*~*~tactically~*~*~ (stealth).
  1305 | D:2      | 1305 ||| Stepping ~*~*~tactically~*~*~ (stealth).
  1341 | D:2      | Found a runed translucent door.
  1342 | D:2      | Noticed Crazy Yiuf
  1367 | D:2      | Reached XP level 4. HP: 19/28 MP: 4/4
  1369 | D:2      | Reached skill level 4 in Axes
  1370 | D:2      | HP: 7/28 [gnoll/+0 spear (3)]
  1371 | D:2      | HP: 3/28 [gnoll/+0 halberd (5)]
  1375 | D:2      | HP: 1/28 [gnoll/+0 halberd (2)]
  1577 | D:2      | 1577 ||| DROPPING +0 club.
  1580 | D:2      | Found a hide-covered altar of Uskayaw.
  1586 | D:2      | Identified the +6 scale mail "Ykeystig" {+Blink Regen+
                  | Dex+4}
  1802 | D:2      | 1802 ||| UPGRADING to +6 scale mail "Ykeystig" {+Blink
                  | Regen+ Dex+4}.
  1812 | D:2      | 1812 ||| DROPPING +0 scale mail.
  1813 | D:2      | 1813 ||| DROPPING +0 chain mail.
  1814 | D:2      | 1814 ||| READING 2 scrolls labelled WUZIUSH GYAJI ONG.
  1856 | D:2      | 1856 ||| READING scroll labelled NUESKI QIMAA.
  1857 | D:2      | 1857 ||| DRINKING 2 green potions.
  2016 | D:3      | Found a radiant altar of Vehumet.
  2017 | D:3      | Found a snail-covered altar of Cheibriados.
  2180 | D:3      | 2180 ||| Stepping ~*~*~tactically~*~*~ (hiding).
  2181 | D:3      | 2181 ||| Stepping ~*~*~tactically~*~*~ (hiding).
  2186 | D:3      | Reached XP level 5. HP: 32/32 MP: 5/5
  2189 | D:3      | Reached skill level 1 in Dodging
  2207 | D:3      | 2207 ||| DROPPING +0 flail.
  2211 | D:3      | Found a shadowy altar of Dithmenos.
  2418 | D:3      | Reached skill level 5 in Axes
  2757 | D:3      | 2757 ||| UPGRADING to +0 pair of gloves.
  2762 | D:3      | 2762 ||| READING scroll labelled YKIGOC DYSTE.
  2763 | D:3      | 2763 ||| READING scroll labelled ESCHYE TIMIPLA.
  2764 | D:3      | 2764 ||| READING scroll labelled AHEGAR ROISSEI.
  2765 | D:3      | 2765 ||| DRINKING 2 viscous cyan potions.
  2822 | D:4      | Found a shimmering altar of Xom.
  2838 | D:4      | Reached XP level 6. HP: 38/38 MP: 6/6
  2848 | D:4      | 2848 ||| Stepping ~*~*~tactically~*~*~ (stealth).
  2849 | D:4      | 2849 ||| Stepping ~*~*~tactically~*~*~ (stealth).
  2850 | D:4      | 2850 ||| Stepping ~*~*~tactically~*~*~ (stealth).
  2865 | D:4      | 2865 ||| Stepping ~*~*~tactically~*~*~ (hiding).
  2989 | D:4      | HP: 5/38 [ogre/+0 giant club (10)]
  2990 | D:4      | 2990 ||| READING 2 scrolls of teleportation.
  3025 | D:4      | 3025 ||| Stepping ~*~*~tactically~*~*~ (stealth).
  3221 | D:4      | Reached skill level 6 in Axes
  3221 | D:4      | Reached XP level 7. HP: 15/43 MP: 7/7
  3222 | D:4      | 3222 ||| FLEEEEING.
  3223 | D:4      | 3223 ||| FLEEEEING.
  3224 | D:4      | 3224 ||| FLEEEEING.
  3225 | D:4      | 3225 ||| FLEEEEING.
  3226 | D:4      | 3226 ||| FLEEEEING.
  3227 | D:4      | 3227 ||| FLEEEEING.
  3228 | D:4      | 3228 ||| FLEEEEING.
  3229 | D:4      | 3229 ||| FLEEEEING.
  3231 | D:4      | 3231 ||| FLEEEEING.
  3232 | D:4      | 3232 ||| FLEEEEING.
  3233 | D:4      | 3233 ||| FLEEEEING.
  3234 | D:4      | 3234 ||| FLEEEEING.
  3235 | D:4      | 3235 ||| FLEEEEING.
  3236 | D:4      | 3236 ||| FLEEEEING.
  3237 | D:4      | 3237 ||| FLEEEEING.
  3238 | D:4      | 3238 ||| FLEEEEING.
  3239 | D:4      | 3239 ||| FLEEEEING.
  3240 | D:4      | 3240 ||| FLEEEEING.
  3241 | D:4      | 3241 ||| FLEEEEING.
  3242 | D:4      | 3242 ||| FLEEEEING.
  3346 | D:4      | Found a glowing golden altar of the Shining One.
  3603 | D:4      | 3603 ||| READING scroll labelled VUOKOE SYRR.
  3604 | D:4      | 3604 ||| DRINKING 2 bubbling pink potions.
  3629 | D:5      | Entered Level 5 of the Dungeon
  3662 | D:5      | 3662 ||| Stepping ~*~*~tactically~*~*~ (stealth).
  3663 | D:5      | 3663 ||| Stepping ~*~*~tactically~*~*~ (stealth).
  3664 | D:5      | 3664 ||| Stepping ~*~*~tactically~*~*~ (stealth).
  3672 | D:5      | Reached skill level 7 in Axes
  4010 | D:5      | Reached XP level 8. HP: 49/49 MP: 8/8
  4019 | D:5      | 4019 ||| FLEEEEING.
  4020 | D:5      | 4020 ||| Stepping ~*~*~tactically~*~*~ (stealth).
  4021 | D:5      | 4021 ||| Stepping ~*~*~tactically~*~*~ (stealth).
  4051 | D:5      | Found a staircase to the Ecumenical Temple.
  4052 | D:5      | 4052 ||| PLANNING TEMPLE
  4052 | D:5      | 4052 ||| READING 2 scrolls labelled ABLUFE EQAY.
  4053 | D:5      | 4053 ||| DRINKING 2 sedimented sapphire potions.
  4053 | D:5      | Gained mutation: You have large cloven feet. [potion of
                  | mutation]
  4054 | D:5      | 4054 ||| DRINKING 2 fizzy dark potions.
  4055 | D:5      | 4055 ||| DROPPING potion of degeneration.
  4062 | Temple   | Entered the Ecumenical Temple
  4120 | Temple   | 4120 ||| PLANNING D:1-11
  5003 | D:5      | 5003 ||| READING 2 scrolls of identify.
  5003 | D:5      | 5003 ||| IDENTIFYING glowing red potion
  5087 | D:6      | Reached skill level 8 in Axes
  5091 | D:6      | 5091 ||| Stepping ~*~*~tactically~*~*~ (stealth).
  5093 | D:6      | 5093 ||| FLEEEEING.
  5246 | D:6      | Reached skill level 1 in Throwing
  5351 | D:6      | Reached skill level 6 in Fighting
  5361 | D:6      | Identified the +11 trident of Desperation {heavy, Str+2}
  5411 | D:6      | Found a blossoming altar of Fedhas.
  5413 | D:6      | 5413 ||| Stepping ~*~*~tactically~*~*~ (stealth).
  5414 | D:6      | 5414 ||| Stepping ~*~*~tactically~*~*~ (stealth).
  5460 | D:6      | Found an iron altar of Okawaru.
  5461 | D:6      | 5461 ||| PLANNING OKAWARU WORSHIP
  5461 | D:6      | 5461 ||| READING scroll labelled HEIMYXK VAAC.
  5462 | D:6      | 5462 ||| READING scroll labelled XIFODGHEOMA.
  5463 | D:6      | 5463 ||| READING 2 scrolls of identify.
  5463 | D:6      | 5463 ||| IDENTIFYING emerald potion
  5464 | D:6      | 5464 ||| DROPPING potion of flight.
  5469 | D:6      | Found a sacrificial altar of Ru.
  5472 | D:6      | Became a worshipper of Warmaster Okawaru
  5472 | D:6      | 5472 ||| PLANNING D:1-11
  5621 | D:6      | Noticed Blork the orc
  5622 | D:6      | 5622 ||| Stepping ~*~*~tactically~*~*~ (hiding).
  5623 | D:6      | 5623 ||| Stepping ~*~*~tactically~*~*~ (hiding).
  5624 | D:6      | 5624 ||| Stepping ~*~*~tactically~*~*~ (hiding).
  5625 | D:6      | 5625 ||| Stepping ~*~*~tactically~*~*~ (hiding).
  5626 | D:6      | 5626 ||| Stepping ~*~*~tactically~*~*~ (hiding).
  5635 | D:6      | Killed Blork the orc
  5708 | D:6      | 5708 ||| READING 2 scrolls of identify.
  5708 | D:6      | 5708 ||| IDENTIFYING fizzy emerald potion
  5721 | D:7      | Found a flagged portal.
  5736 | D:7      | Reached XP level 9. HP: 55/55 MP: 9/9
  5802 | D:7      | 5802 ||| Stepping ~*~*~tactically~*~*~ (stealth).
  5816 | D:7      | Reached * piety under Okawaru
  5817 | D:7      | Reached skill level 9 in Axes
  5873 | D:7      | 5873 ||| Stepping ~*~*~tactically~*~*~ (stealth).
  5874 | D:7      | 5874 ||| Stepping ~*~*~tactically~*~*~ (stealth).
  5882 | D:7      | 5882 ||| INVOKING Heroism.
  5894 | Abyss:2  | Cast into level 2 of the Abyss (orc warrior)
  5909 | Abyss:2  | 5909 ||| READING scroll labelled JAIBYRHEOCH.
  6016 | Abyss:2  | 6016 ||| READING scroll labelled GAONUNUENKU.
  6466 | Abyss:2  | Found a corrupted altar of Lugonu.
  6541 | Abyss:2  | 6541 ||| Stepping ~*~*~tactically~*~*~ (stealth).
  6550 | Abyss:2  | Noticed a tentacled starspawn
  6550 | Abyss:2  | Noticed a tentacled starspawn
  6555 | Abyss:2  | 6555 ||| Stepping ~*~*~tactically~*~*~ (hiding).
  6561 | Abyss:2  | HP: 3/56 [tentacled starspawn (13)]
  6562 | Abyss:2  | 6562 ||| READING scroll of teleportation.
  6562 | Abyss:2  | Demolished by a tentacled starspawn

Levels and vault maps discovered:
D:1:      zaba_arrival_water, layout_basic, minivault_26
D:2:      layout_basic, basic_altar, dreamdust_mushroom_princess,
          guppyfry_early_orc_mine, uniq_crazy_yiuf_cottage
D:3:      layout_basic, nicolae_overflow_squiral,
          nicolae_dithmenos_through_a_glass_darkly, kennysheep_small_spiral
D:4:      layout_loops_ring, nicolae_overflow_crystal_walls, xom_teletrap_fun
D:5:      layout_layer_cave, temple_green
D:6:      layout_basic, minitemple, fedhas_bush_and_centaur_altar,
          uniq_blork_the_orc
D:7:      layout_loops_ring, enter_bailey_6, kennysheep_generic_room_4,
          uniq_joseph
Temple:   nicolae_temple_god_jail
Abyss:2:  base: D:4, base: Temple, base: D:3, evilmike_abyss_exit_8,
          gammafunk_corrupted_shrine

Skill      XL: |  1  2  3  4  5  6  7  8  9 |
---------------+----------------------------+-----
Axes           | 2 3 4 5 6 7 8 9 |  9.2
Dodging        | 1 2 |  2.0
Fighting       | 4 5 6 |  6.5
Throwing       | 1 |  1.9
Shields        | 4 |  4.0
Armour         | |  3.2
Invocations    | |  0.6

Action                     |  1- 3 |  4- 6 |  7- 9 || total
---------------------------+-------+-------+-------++-------
  Melee: War axe           |   122 |   137 |   190 ||   449
         Kick              |       |       |    35 ||    35
  Throw: Boomerang         |       |       |    12 ||    12
 Invoke: Heroism           |       |       |     1 ||     1
    Use: Scroll            |     3 |     6 |    10 ||    19
         Potion            |       |     2 |     3 ||     5
 Armour: Scale mail        |    63 |    60 |   142 ||   265
  Dodge: Dodged            |    63 |    58 |    99 ||   220
  Block: Buckler           |    25 |    26 |    36 ||    87

Table legend:
 A = Non-vault XP
 B = Vault XP
 C = Vault XP percentage of total XP
 D = Non-vault monster count
 E = Vault monster count
 F = Vault count percentage of total count
                 A         B        C        D         E       F
            +---------+---------+-------+---------+---------+-------
      Total |    2717 |     223 |   7.6 |     115 |       9 |   7.3
            +---------+---------+-------+---------+---------+-------
        D:1 |      22 |       0 |   0.0 |      12 |       0 |   0.0
        D:2 |      99 |      17 |  14.7 |      20 |       7 |  25.9
        D:3 |     135 |       0 |   0.0 |      24 |       0 |   0.0
        D:4 |     485 |       0 |   0.0 |      12 |       0 |   0.0
        D:5 |     634 |       0 |   0.0 |      18 |       0 |   0.0
        D:6 |     604 |     206 |  25.4 |      20 |       2 |   9.1
        D:7 |     549 |       0 |   0.0 |       8 |       0 |   0.0
    Abyss:2 |     189 |       0 |   0.0 |       1 |       0 |   0.0
            +---------+---------+-------+---------+---------+-------
